Map: Dusk Towers

Players

Peter - Winner!

  • Race: Protoss Protoss
  • League: Diamond

LilDicky

  • Race: Terran Terran
  • League: Diamond

VOD

http://www.twitch.tv/tumescentpie

Description

Time

  • Played on: Dec. 11, 2015, 1:17 p.m.
  • Length: 7:25
Show
View Real Time Build Order
Export as new Build Order

Peter Protoss - Winner!

Build Orders: 1 Gate Expand, Double Forge 

Get SALT Encoding   

  12  0:00  Probe (Chrono Boost)  
  13  0:11  Probe (Chrono Boost)  
  14  0:18  Pylon  
  14  0:22  Probe (Chrono Boost)  
  15  0:36  Probe (Chrono Boost)  
  15  0:37  Gateway  
  15  0:42  Assimilator  
  16  0:46  Probe (Chrono Boost)  
  18  0:57  Probe (Chrono Boost)  
  18  1:07  Probe (Chrono Boost)  
  19  1:25  Nexus  
  19  1:35  Cybernetics Core  
  19  1:37  Probe (Chrono Boost)  
  20  1:47  Assimilator  
  20  1:48  Probe (Chrono Boost)  
  20  1:53  Pylon  
  21  1:58  Probe (Chrono Boost)  
  22  2:09  Probe (Chrono Boost)  
  22  2:13  Adept (Chrono Boost), Warp Gate (Chrono Boost)  
  24  2:20  Mothership Core (Chrono Boost)  
  26  2:24  Pylon  
  26  2:36  Probe (Chrono Boost)  
  26  2:41  Adept (Chrono Boost)  
  29  2:51  Pylon  
  29  2:55  Probe  
  30  2:58  Probe  
  30  3:04  Adept (Chrono Boost)  
  33  3:07  Probe  
  33  3:09  Probe  
  35  3:19  Probe  
  36  3:20  Probe  
  36  3:26  Stargate  
  37  3:30  Probe  
  37  3:31  Probe  
  37  3:34  Sentry (Chrono Boost)  
  41  3:38  Pylon  
  41  3:41  Pylon  
  41  3:42  Probe  
  42  3:48  Probe  
  42  3:52  Assimilator  
  43  3:56  Probe, Robotics Facility  
  43  4:02  Probe  
  45  4:11  Oracle (Chrono Boost)  
  45  4:12  Probe  
  45  4:14  Probe  
  50  4:23  Probe  
  50  4:26  Probe  
  50  4:27  Forge  
  50  4:28  Forge  
  52  4:34  Probe  
  53  4:38  Probe  
  53  4:42  Oracle (Chrono Boost)  
  53  4:44  Observer (Chrono Boost)  
  58  4:53  Probe  
  58  4:55  Probe  
  56  5:04  Probe, Protoss Ground Weapons Level 1, Protoss Ground Armor Level 1  
  56  5:05  Gateway  
  56  5:06  Gateway  
  57  5:07  Probe  
  58  5:19  Pylon  
  58  5:20  Immortal (Chrono Boost), Pylon  
  60  5:24  Pylon  
  60  5:33  Probe  
  60  5:35  Probe  
  62  5:43  Sentry  
  62  5:44  Probe  
  62  5:47  Probe  
  66  5:54  Probe  
  65  6:09  Immortal (Chrono Boost)  
  66  6:22  Mothership Core  
  68  6:26  Stalker x3  
  68  6:29  Probe  
  75  6:34  Assimilator  
  69  6:41  Probe  
  69  6:45  Probe  
  71  6:51  Stalker x2  
  71  6:52  Stalker  
  71  6:53  Probe  
  74  6:55  Probe  
  75  7:08  Twilight Council  
  77  7:11  Nexus  
  77  7:20  Gateway  
  77  7:22  Gateway  
  77  7:23  Gateway  
  77  7:25  Gateway  
Show
View Real Time Build Order
Export as new Build Order

LilDicky Terran 

Build Orders: MMM Bio 

Get SALT Encoding   

  12  0:01  SCV  
  13  0:13  SCV  
  14  0:17  Supply Depot  
  14  0:25  SCV  
  14  0:27  Refinery  
  15  0:39  SCV  
  16  0:45  Barracks  
  16  0:52  SCV  
  17  1:04  SCV  
  18  1:16  SCV  
  20  1:33  Marine  
  20  1:36  Orbital Command  
  20  1:37  Supply Depot  
  20  1:39  Factory  
  20  1:51  Marine  
  21  2:12  Barracks Reactor  
  21  2:27  Refinery  
  21  2:28  SCV, Barracks  
  21  2:29  Barracks  
  22  2:31  Supply Depot  
  22  2:40  SCV  
  23  2:44  Widow Mine  
  23  2:48  Marine x2  
  27  2:52  SCV  
  28  3:04  SCV  
  26  3:22  Barracks Tech Lab  
  26  3:23  Barracks Tech Lab  
  26  3:24  SCV  
  26  3:25  Marine x2  
  29  3:30  Starport  
  29  3:36  SCV  
  30  3:42  Combat Shields  
  30  3:43  Stimpack, Marine x2  
  30  3:46  Marauder  
  36  3:48  SCV, Marauder  
  36  3:54  Supply Depot  
  37  4:01  SCV, Marine  
  39  4:15  Medivac, Marine x2  
  39  4:16  Marauder  
  45  4:22  Supply Depot  
  45  4:25  SCV  
  45  4:26  Marine  
  47  4:33  Marine  
  47  4:34  Marauder  
  47  4:37  SCV  
  51  4:42  Marauder  
  51  4:44  Marine  
  54  4:57  Engineering Bay  
  54  4:59  Marine x2  
  56  5:01  Concussive Shells  
  55  5:14  Marine  
  55  5:15  Marauder  
  55  5:17  Marauder  
  60  5:25  Marine  
  58  5:32  Marine  
  56  5:36  Marauder  
  42  6:15  Marine  
  42  6:16  Marine x3  
  39  6:54  Marine x2  
  37  6:55  Marauder x2  
  37  6:57  Missile Turret  
Tags
 
Add a new tag
Caveats
  • Supply blocks, unpowered buildings, or Contaminate may cause inaccurate times.
  • Supply counts are checked every 10 seconds.